[Event "Titled Tuesday Blitz December 27 Late 2022"]
[White "Dias, Joao Batista"]
[Black "TheKnightOfBosnia"]
[WhiteFideId "2108240"]
[WhiteElo "1796"]
[BlackElo "2434"]
[Result "1/2-1/2"]
[Round "05"]
[TimeControl "180+2"]
[Date "2022.12.27"]
[WhiteClock "0:00:38"]
[BlackClock "0:00:38"]

1. e4 e5 2. Nf3 Nc6 3. d4 exd4 4. Nxd4 Nf6 5. Nxc6 bxc6 6. Bd3 d5 7. exd5 cxd5 8. O-O Be7 9. Re1 O-O 10. Nc3 Be6 11. Bg5 h6 12. Bh4 Rb8 13. Rb1 Bb4 14. a3 Bxc3 15. bxc3 Rxb1 16. Qxb1 Qe7 17. Qb7 Qxa3 18. Qxc7 Rc8 19. Qe5 Qxc3 20. Bxf6 gxf6 21. Qxc3 Rxc3 22. Ra1 Rc7 23. Kf1 Kf8 24. Ke2 Ke7 25. Ke3 Kd6 26. Kd4 Bc8 27. Ra5 Be6 28. Ra6+ Ke7 29. f3 Rb7 30. Kc5 Kf8 31. h4 Kg7 32. h5 Rb1 33. Rxa7 Rg1 34. g4 Rg3 35. Be2 Rg2 36. Bd3 Rf2 37. Bf5 Bxf5 38. gxf5 Rxc2+ 39. Kxd5 Rh2 40. Ke4 Rxh5 41. Kf4 Rh4+ 42. Kg3 Rb4 43. Ra6 h5 44. Rc6 h4+ 45. Kh3 Rf4 46. Rc5 Kh6 47. Kg2 Kg5 48. Rc7 Rxf5 49. Rxf7 Ra5 50. Rg7+ Kf4 51. Rg4+ Ke3 52. Re4+ Kd3 53. Rxh4 f5 54. Kg3 Ke3 55. Rb4 Ra3 56. Rc4 Rb3 57. Ra4 Ke2 58. Rf4 Rb5 59. Ra4 Rb3 60. Rf4 Rb5 61. Ra4 Rb3 1/2-1/2


[Site "https://www.chess.com"]

[Event "Titled Tuesday Blitz December 27 Late 2022"]
[White "Dzierzak, Radoslaw"]
[Black "Ronka, Erik"]
[WhiteFideId "1161407"]
[BlackFideId "505080"]
[WhiteElo "2220"]
[BlackElo "2276"]
[Result "1-0"]
[Round "05"]
[TimeControl "180+2"]
[Date "2022.12.27"]
[WhiteClock "0:00:08"]
[BlackClock "0:00:07"]

1. e4 c6 2. Nf3 d5 3. Nc3 dxe4 4. Nxe4 Nf6 5. Qe2 Nxe4 6. Qxe4 Qa5 7. Bc4 Bf5 8. Qf4 e6 9. g4 Bg6 10. h4 Nd7 11. h5 Bxc2 12. Ng5 Qe5+ 13. Qxe5 Nxe5 14. Be2 h6 15. Nh3 Nd3+ 16. Bxd3 Bxd3 17. Nf4 Be4 18. O-O O-O-O 19. f3 Bd5 20. d4 Bd6 21. Nxd5 exd5 22. Bd2 Kd7 23. Kg2 Rhe8 24. Rae1 b6 25. b3 c5 26. dxc5 bxc5 27. Ba5 Rc8 28. Rd1 Kc6 29. Kf2 d4 30. Bd2 Kd5 31. Rc1 c4 32. bxc4+ Rxc4 33. Rxc4 Kxc4 34. Rc1+ Kd3 35. Ba5 Re2+ 36. Kf1 Rxa2 37. Rd1+ Kc4 38. Rc1+ Kd5 39. Bd8 Bf4 40. Rd1 a5 41. Be7 Be3 42. Bf8 g6 43. hxg6 fxg6 44. Bg7 Rh2 45. Rd3 Kc4 46. Ra3 d3 47. Rc3+ Kb5 48. Rxd3 Bc5 49. Rd5 Rf2+ 50. Ke1 Rxf3 51. Bd4 Kc4 52. Rxc5+ Kxd4 53. Rxa5 Rf4 54. g5 hxg5 55. Rxg5 Rf6 56. Ke2 Ke4 57. Rg4+ Kf5 58. Kf3 Rb6 59. Rc4 Rb3+ 60. Kg2 g5 61. Ra4 Kg6 62. Rc4 Kh5 63. Ra4 g4 64. Ra8 Rb2+ 65. Kg3 Rb3+ 66. Kg2 Kg5 67. Rg8+ Kf4 68. Rf8+ Ke3 69. Re8+ Kf4 70. Rf8+ Kg5 71. Rg8+ Kf5 72. Rf8+ Ke6 73. Rg8 Rb4 74. Kg3 Kf5 75. Rf8+ Kg5 76. Rg8+ Kh5 77. Rh8+ Kg6 78. Rg8+ Kf7 79. Rxg4 Rb3+ 80. Kh4 Ke6 81. Kg5 Rb5+ 82. Kf4 Rb4+ 83. Kg3 Rb3+ 84. Kh4 Kf5 85. Rg5+ Kf6 86. Rg3 Rb8 87. Kh3 Kf5 88. Kg2 Kf4 89. Rf3+ Ke4 90. Rg3 Rb2+ 91. Kh3 Kf4 92. Rg4+ Kf5 93. Rg3 Rb4 94. Kg2 Kf4 95. Rf3+ Ke4 96. Rh3 Rb2+ 97. Kg3 Ke3 98. Kg4+ Ke4 99. Rg3 Rb8 100. Kh3 Rh8+ 101. Kg2 Kf4 102. Ra3 Rg8+ 103. Kf2 Rb8 104. Ra4+ Ke5 105. Kf3 Rb3+ 106. Kf2 Kf5 107. Rc4 Rb2+ 108. Kf3 Ke5 109. Ra4 Kd5 110. Rg4 Rb3+ 111. Kg2 Rb2+ 112. Kf3 Ke5 113. Ra4 Rb3+ 114. Ke2 Rb8 115. Ra5+ Kd4 116. Ra4+ Kc3 117. Ke3 Re8+ 118. Re4 Kb3 119. Rxe8 Kc3 120. Rc8+ Kb4 121. Kd4 Ka5 122. Rb8 Ka6 123. Kc5 Ka7 124. Rb1 Ka8 125. Rb2 Ka7 126. Rb1 Ka8 127. Kc6 Ka7 128. Rb2 Ka8 129. Kc7 Ka7 130. Ra2# 1-0


[Site "https://www.chess.com"]

[Event "Titled Tuesday Blitz December 27 Late 2022"]
[White "Eggleston, Thomas A"]
[Black "Poliakova, Varvara"]
[WhiteFideId "412139"]
[BlackFideId "13518313"]
[WhiteElo "2215"]
[BlackElo "2010"]
[Result "0-1"]
[Round "05"]
[TimeControl "180+2"]
[Date "2022.12.27"]
[WhiteClock "0:00:02"]
[BlackClock "0:00:55"]

1. e4 e5 2. f4 d5 3. exd5 c6 4. c4 cxd5 5. cxd5 exf4 6. Nf3 Bd6 7. Bb5+ Bd7 8. Bxd7+ Nxd7 9. O-O Ne7 10. d4 Rc8 11. Nc3 O-O 12. Ne4 Bb8 13. d6 Nd5 14. Qb3 N7f6 15. Nxf6+ Nxf6 16. Bxf4 Bxd6 17. Bg5 h6 18. Bh4 Be7 19. Rad1 b6 20. Ne5 Qd5 21. Bxf6 Qxb3 22. axb3 Bxf6 23. Nd7 Rfd8 24. Nxf6+ gxf6 25. Rxf6 Kg7 26. Rf2 Rd5 27. h3 Rc7 28. Kh2 Rcd7 29. Rf4 a5 30. g4 Kg6 31. Kg3 h5 32. gxh5+ Kxh5 33. Rg4 f5 34. Rf4 Kg5 35. Kf3 Kf6 36. h4 b5 37. h5 Kg5 38. h6 Kxh6 39. Rg1 Rxd4 40. Rxf5 Rb4 41. Rf6+ Kh7 42. Rf5 Rxb3+ 43. Ke4 Rg7 44. Rh5+ Kg8 45. Rxg7+ Kxg7 46. Rh2 Kg6 47. Kd4 Kf5 48. Re2 Kf4 49. Kc5 Kf3 50. Rc2 Ke3 51. Rh2 a4 52. Rh3+ Kd2 53. Rh2+ Kc1 54. Rg2 Rxb2 55. Rg1+ Kc2 56. Rg2+ Kb3 57. Rg3+ Ka2 58. Kd4 b4 59. Kc4 b3 60. Kb4 a3 61. Rg1 Rb1 0-1


[Site "https://www.chess.com"]

[Event "Titled Tuesday Blitz December 27 Late 2022"]
[White "Estrada Nieto, Julian"]
[Black "Ezat, Mohamed"]
[WhiteFideId "5101018"]
[BlackFideId "10600906"]
[WhiteElo "2215"]
[BlackElo "2402"]
[Result "0-1"]
[Round "05"]
[TimeControl "180+2"]
[Date "2022.12.27"]
[WhiteClock "0:00:06"]
[BlackClock "0:00:24"]

1. e4 c6 2. d4 d5 3. exd5 cxd5 4. Bd3 Nc6 5. c3 Qc7 6. Ne2 Bg4 7. f3 Bd7 8. Bf4 e5 9. dxe5 Nxe5 10. O-O Bd6 11. Bg3 Nf6 12. Na3 O-O 13. Kh1 a6 14. Nc2 Rfe8 15. Ncd4 Nh5 16. Bf5 Nxg3+ 17. Nxg3 Nc4 18. Bxd7 Qxd7 19. Ngf5 Nxb2 20. Qb3 Nc4 21. Rfe1 Bc5 22. Rad1 g6 23. Ng3 Bxd4 24. cxd4 b5 25. Nf1 Qd6 26. Kg1 Qf6 27. Qc3 a5 28. Rxe8+ Rxe8 29. g3 Re2 30. Re1 Rxe1 31. Qxe1 Qxd4+ 32. Kh1 Qe5 33. Qd1 d4 34. Qd3 Qd5 35. Kg2 Ne5 36. Qe2 d3 37. Qe4 Qxe4 38. fxe4 Nc4 39. Kf2 Kg7 40. Ne3 Nxe3 41. Kxe3 Kf6 42. Kxd3 Ke5 43. h3 h5 44. h4 f6 45. a3 b4 46. axb4 axb4 0-1


[Site "https://www.chess.com"]

[Event "Titled Tuesday Blitz December 27 Late 2022"]
[White "Fernandez Garcia, Gumersindo"]
[Black "Kopacz, Grzegorz"]
[WhiteFideId "24516740"]
[BlackFideId "1109880"]
[WhiteElo "2160"]
[BlackElo "1997"]
[Result "1-0"]
[Round "05"]
[TimeControl "180+2"]
[Date "2022.12.27"]
[WhiteClock "0:00:18"]
[BlackClock "0:00:01"]

1. e4 e6 2. d4 d5 3. Bd3 dxe4 4. Bxe4 Nf6 5. Bf3 Be7 6. Ne2 O-O 7. O-O c5 8. Be3 cxd4 9. Nxd4 Qa5 10. Nb3 Qc7 11. Nc3 a6 12. Qe2 Nc6 13. g3 e5 14. Na4 Bh3 15. Rfd1 e4 16. Bh1 Bg4 17. f3 exf3 18. Bxf3 Bxf3 19. Qxf3 Ne5 20. Qg2 Nc4 21. Bf4 Qc8 22. Re1 Re8 23. Rab1 b5 24. Nc3 Nxb2 25. Nd5 Bc5+ 26. Kh1 Ng4 27. Rxe8+ Qxe8 28. Nxc5 Rc8 29. Ne4 Nc4 30. h3 Nge5 31. Re1 Qe6 32. Ne3 Nxe3 33. Rxe3 f6 34. Ng5 Qxa2 35. Re2 Qb1+ 36. Kh2 Qd1 37. Bxe5 fxe5 38. Nf3 e4 39. Ne1 Qd4 40. Qxe4 Qd1 41. Qe6+ 1-0


[Site "https://www.chess.com"]

[Event "Titled Tuesday Blitz December 27 Late 2022"]
[White "Fernandez Hernandez, Gerardo"]
[Black "White, John S."]
[WhiteFideId "2207400"]
[BlackFideId "2502348"]
[WhiteElo "2181"]
[BlackElo "2235"]
[Result "1-0"]
[Round "05"]
[TimeControl "180+2"]
[Date "2022.12.27"]
[WhiteClock "0:00:07"]
[BlackClock "0:00:01"]

1. e4 c5 2. Nc3 Nc6 3. Bb5 Nd4 4. Nf3 Nxb5 5. Nxb5 a6 6. Nc3 d6 7. d4 cxd4 8. Qxd4 Nf6 9. Bg5 e6 10. O-O-O Be7 11. e5 dxe5 12. Nxe5 Qxd4 13. Rxd4 O-O 14. Rhd1 b5 15. Nc6 Bc5 16. Bxf6 gxf6 17. Rg4+ Kh8 18. f3 Bb7 19. Na5 Bc8 20. Re4 f5 21. Re2 Bb6 22. Nb3 Bb7 23. Rd7 Bc6 24. Rd6 Rac8 25. Nd4 Bxd4 26. Rxd4 Rfd8 27. Rxd8+ Rxd8 28. Rd2 Rxd2 29. Kxd2 Kg7 30. Ke3 Kf6 31. g3 e5 32. a3 a5 33. b4 axb4 34. axb4 Ke6 35. f4 Bd7 36. Ne2 Kd5 37. fxe5 Kxe5 38. Nf4 Bc6 39. Kd3 Be4+ 40. Ke3 f6 41. c3 h6 42. Ne2 Bb1 43. Nd4 Be4 44. Nxb5 Kd5 45. Na3 Bg2 46. c4+ Kc6 47. Kd4 Bf1 48. b5+ Kb6 49. c5+ Ka5 50. b6 Ka6 51. Nc4 Kb7 52. Ne3 Bb5 53. Nxf5 Bc6 54. Ne7 Bb5 55. Ng8 1-0


[Site "https://www.chess.com"]

[Event "Titled Tuesday Blitz December 27 Late 2022"]
[White "Fiorito, Joaquin"]
[Black "Domingo Nunez, Ruben"]
[WhiteFideId "180173"]
[BlackFideId "22245570"]
[WhiteElo "2405"]
[BlackElo "2416"]
[Result "0-1"]
[Round "05"]
[TimeControl "180+2"]
[Date "2022.12.27"]
[WhiteClock "0:00:30"]
[BlackClock "0:00:10"]

1. d4 Nf6 2. Nc3 d5 3. Bf4 a6 4. e3 c5 5. dxc5 e6 6. Nf3 Bxc5 7. Bd3 Nc6 8. O-O O-O 9. e4 Nb4 10. e5 Nxd3 11. cxd3 Nd7 12. d4 Be7 13. Qd2 Nb6 14. b3 Bd7 15. Ne2 Rc8 16. Ng3 Be8 17. Nh5 f6 18. exf6 gxf6 19. Ng3 Kh8 20. Rfe1 Rc6 21. Re2 Qd7 22. Rae1 Nc8 23. Bh6 Rg8 24. Qf4 Bd8 25. h4 Qf7 26. h5 Bc7 27. Qh4 Ne7 28. Bf4 Bd8 29. Qh3 Bd7 30. Ne5 Qe8 31. Nxd7 Qxd7 32. Rxe6 Rxe6 33. Qxe6 Qxe6 34. Rxe6 Rg4 35. Bd6 Nc6 36. Nf5 Rg5 37. Re8+ Rg8 38. Re6 Rg5 39. Nh6 Kg7 40. Bf4 Kxh6 41. Rd6 Bc7 42. Rxf6+ Kxh5 43. Bxg5 Kxg5 44. Rf7 Bb6 45. Rxb7 Bxd4 46. Rxh7 Ne5 47. Rh3 Kf5 48. Kf1 Ng4 49. Rf3+ Ke4 50. Ke2 Ne5 51. Rh3 Nc6 52. Rh4+ Ke5 53. a3 Bb2 54. Ra4 a5 55. b4 axb4 56. axb4 Bc3 57. b5 Nd4+ 58. Kd3 Nxb5 59. Rh4 Be1 60. Rh5+ Kd6 61. f4 Bg3 62. Rh6+ Kc5 63. f5 Be5 64. f6 Nd6 65. g4 Bf4 66. Rg6 Be5 67. g5 Kc6 68. Rg7 Nf5 69. Rh7 Kd6 70. f7 Ke7 71. g6 Bg7 72. Rh1 Kf6 73. Rf1 Kxg6 74. f8=Q Bxf8 75. Rg1+ Kf6 76. Rf1 Ke5 77. Re1+ Kd6 78. Rf1 Ke6 79. Re1+ Kf6 80. Rf1 Bc5 81. Rc1 Bd6 82. Rf1 Ke6 83. Rh1 Be5 84. Re1 Kd6 85. Rb1 Nd4 86. Rh1 Ne6 87. Rh6 Kd7 88. Rh7+ Kd6 89. Rh1 Nf4+ 90. Ke3 d4+ 91. Ke4 Nd5 92. Rh6+ Nf6+ 93. Kd3 Kd5 94. Rh1 Nd7 95. Rh4 Nc5+ 96. Kd2 d3 97. Rh3 Ke4 98. Re3+ Kd4 99. Rh3 Bf4+ 100. Kd1 Ne4 101. Rxd3+ Kxd3 102. Ke1 Bd2+ 103. Kf1 Be3 104. Kg2 Nd2 105. Kg3 Ke2 106. Kg4 Kd3 107. Kf5 Bd4 108. Kg4 Ne4 109. Kf5 Ke3 110. Ke6 Kf4 111. Kd5 Be3 112. Kc4 Nd2+ 113. Kd3 Kf3 114. Kc2 Ke4 115. Kc3 Nf3 116. Kc4 Bd4 117. Kb5 Ne5 118. Kb4 Kd5 119. Kb3 Bc5 120. Kc2 Kc4 121. Kd2 Bd4 122. Ke2 Kd5 123. Kd2 Ke4 124. Kc2 Ke3 125. Kb3 Kd3 126. Kb4 Nc4 127. Kb5 Ne5 128. Ka6 Kc4 129. Kb7 Kd5 130. Kc7 Bc5 131. Kb7 Kd6 132. Ka6 Kc6 133. Ka5 Nc4+ 134. Ka4 Nd2 135. Ka5 Bb6+ 136. Ka4 Kc5 137. Ka3 Kc4 138. Kb2 Ba5 139. Kc2 Ne4 140. Kb2 Bc3+ 141. Kc2 Nf2 142. Kc1 Kb3 143. Kb1 Ne4 144. Kc1 Nf2 145. Kb1 Nd1 146. Kc1 Ne3 147. Kb1 Bd2 148. Ka1 Nc2+ 149. Kb1 Na3+ 150. Ka1 Bc3# 0-1


[Site "https://www.chess.com"]

[Event "Titled Tuesday Blitz December 27 Late 2022"]
[White "Firouzja, Alireza"]
[Black "Jaracz, Pawel"]
[WhiteFideId "12573981"]
[BlackFideId "1102222"]
[WhiteElo "2785"]
[BlackElo "2467"]
[Result "1-0"]
[Round "05"]
[TimeControl "180+2"]
[Date "2022.12.27"]
[WhiteClock "0:01:38"]
[BlackClock "0:00:02"]

1. e4 c5 2. Nf3 e6 3. d4 cxd4 4. Nxd4 a6 5. Bd3 Nf6 6. O-O Qc7 7. f4 d6 8. Be3 Nbd7 9. Nd2 b6 10. g4 h5 11. g5 Ng4 12. Qe2 g6 13. f5 Nxe3 14. Qxe3 Ne5 15. N2f3 Be7 16. f6 Bd8 17. Nxe5 dxe5 18. Nf3 b5 19. Kg2 Bb7 20. c4 b4 21. c5 Bc6 22. Rad1 Qb8 23. Kh3 h4 24. Be2 Bc7 25. Nd2 Bb5 26. Nc4 Bxc4 27. Bxc4 Qb7 28. Rd2 Rd8 29. Rfd1 Rxd2 30. Rxd2 O-O 31. Kxh4 Qc6 32. Kg4 Rd8 33. Rxd8+ Bxd8 34. h4 Qa4 35. Qd3 Bc7 36. h5 gxh5+ 37. Kxh5 Kh7 38. Bxe6 fxe6 39. g6+ Kg8 40. Kh6 1-0


[Site "https://www.chess.com"]

[Event "Titled Tuesday Blitz December 27 Late 2022"]
[White "Floresvillar Gonzalez, Luis Migu"]
[Black "Shtompel, Yuriy"]
[WhiteFideId "5100542"]
[BlackFideId "14168278"]
[WhiteElo "2043"]
[BlackElo "1938"]
[Result "0-1"]
[Round "05"]
[TimeControl "180+2"]
[Date "2022.12.27"]
[WhiteClock "0:00:33"]
[BlackClock "0:00:29"]

1. e4 c5 2. d4 cxd4 3. c3 Nf6 4. e5 Nd5 5. Nf3 Nc6 6. Bc4 Nb6 7. Bb3 d6 8. cxd4 dxe5 9. d5 Nb4 10. Nc3 e6 11. dxe6 Nd3+ 12. Ke2 Nxc1+ 13. Rxc1 Bxe6 14. Bxe6 fxe6 15. Qxd8+ Rxd8 16. Nxe5 Bd6 17. Nf3 Ke7 18. Rhd1 a6 19. Ne4 Bf4 20. Rxd8 Rxd8 21. Rd1 Rc8 22. Nc3 Nc4 23. g3 Nxb2 24. gxf4 Rxc3 25. Rd3 Rxd3 0-1


[Site "https://www.chess.com"]

[Event "Titled Tuesday Blitz December 27 Late 2022"]
[White "Freile Martin, Javier"]
[Black "Ardila, Oscar Humberto"]
[WhiteFideId "3600165"]
[BlackFideId "4404742"]
[WhiteElo "2329"]
[BlackElo "1982"]
[Result "1-0"]
[Round "05"]
[TimeControl "180+2"]
[Date "2022.12.27"]
[WhiteClock "0:00:17"]
[BlackClock "0:00:10"]

1. d4 Nf6 2. c4 e6 3. Nc3 Bb4 4. Bg5 h6 5. Bd2 O-O 6. Qc2 d5 7. e3 c5 8. dxc5 Bxc5 9. Nf3 Nc6 10. cxd5 Nxd5 11. a3 b6 12. Nxd5 Qxd5 13. Bc4 Qd6 14. b4 Nd4 15. exd4 Bxd4 16. Nxd4 Qxd4 17. Rd1 Bb7 18. O-O Qg4 19. f3 Qh4 20. Be3 Rac8 21. Rd4 Qf6 22. Qd2 Rfd8 23. Be2 e5 24. Rxd8+ Rxd8 25. Qb2 Qe6 26. Rd1 Rxd1+ 27. Bxd1 Qd5 28. Qd2 f6 29. Qxd5+ Bxd5 30. a4 Kf7 31. a5 bxa5 32. bxa5 a6 33. Be2 Bb7 34. Bc4+ Kg6 35. Kf2 f5 36. h4 f4 37. Bb6 Kf5 38. h5 Kg5 39. Bf7 Kf6 40. Bg6 Bd5 41. Bd8+ Ke6 42. Bd3 Bb7 43. Bc7 Kf6 44. g4 fxg3+ 45. Kxg3 Kg5 46. Bxe5 Kxh5 47. Bxg7 Kg5 48. f4+ Kh5 49. Bf6 Bc8 50. Bh4 Bb7 51. Bd8 Bc8 52. f5 Bxf5 53. Bxa6 Kg6 54. Bb7 Bd3 55. Kf4 h5 56. Be4+ Bxe4 57. Kxe4 1-0


[Site "https://www.chess.com"]

[Event "Titled Tuesday Blitz December 27 Late 2022"]
[White "Garcia Cuenca, Victor"]
[Black "Moral Garcia, Serafin"]
[WhiteFideId "2250829"]
[BlackFideId "2201925"]
[WhiteElo "2324"]
[BlackElo "2238"]
[Result "1-0"]
[Round "05"]
[TimeControl "180+2"]
[Date "2022.12.27"]
[WhiteClock "0:00:03"]
[BlackClock "0:00:14"]

1. b3 e5 2. Bb2 Nc6 3. e3 Nf6 4. Bb5 Bd6 5. d3 Ne7 6. d4 Ng6 7. Nf3 exd4 8. exd4 O-O 9. O-O c6 10. Bd3 Bc7 11. Ne5 d6 12. Nxg6 hxg6 13. Nd2 d5 14. Nf3 Bf5 15. Ne5 Qc8 16. Re1 Re8 17. f3 Bxd3 18. Qxd3 Qf5 19. Qxf5 gxf5 20. Nd3 Nd7 21. Kf2 f6 22. g3 Kf7 23. c3 g5 24. Ba3 g4 25. Rxe8 Rxe8 26. Re1 Rxe1 27. Nxe1 Ke6 28. Nd3 a5 29. Ke3 b5 30. Nf2 gxf3 31. Kxf3 Bb6 32. Nd3 b4 33. Nf4+ Kf7 34. Bb2 Nf8 35. cxb4 axb4 36. Nd3 Ba5 37. Bc1 Ne6 38. Ke3 Bb6 39. Bb2 c5 40. dxc5 Nxc5 41. Nxc5 Bxc5+ 42. Bd4 Bd6 43. Kd3 f4 44. g4 Kg6 45. Ke2 f3+ 46. Kxf3 Bxh2 47. Bc5 f5 48. Bxb4 fxg4+ 49. Kxg4 Kf6 50. Kf3 Ke6 51. Ke3 Bc7 52. Kd3 Bb6 53. Bc3 Kd6 54. Bd4 Bd8 55. b4 Kc6 56. a4 Be7 57. b5+ Kb7 58. a5 Bd8 59. a6+ Ka8 60. Bc5 Bf6 61. Bd6 Ka7 62. Bc5+ Ka8 63. Ke3 Be5 64. b6 Kb8 65. Kd3 Ka8 66. Bd4 Bd6 67. Kc2 Bc7 68. b7+ Kb8 69. Kb3 Bd6 70. Ka4 Bc7 71. Kb5 Bd8 72. Kc6 Bb6 73. Be5+ 1-0


[Site "https://www.chess.com"]

[Event "Titled Tuesday Blitz December 27 Late 2022"]
[White "Gasanov, Eldar"]
[Black "Koutlas, Nikolaos"]
[WhiteFideId "14104466"]
[BlackFideId "25827138"]
[WhiteElo "2481"]
[BlackElo "2341"]
[Result "1-0"]
[Round "05"]
[TimeControl "180+2"]
[Date "2022.12.27"]
[WhiteClock "0:00:34"]
[BlackClock "0:00:04"]

1. d4 Nf6 2. Nf3 d5 3. c4 e6 4. e3 Bd6 5. a3 c6 6. b4 O-O 7. Bb2 Nbd7 8. Bd3 Re8 9. Ne5 dxc4 10. Nxc4 Bc7 11. O-O Nb6 12. Nbd2 Nxc4 13. Nxc4 a5 14. bxa5 Bxa5 15. Nxa5 Qxa5 16. e4 e5 17. dxe5 Ng4 18. Qc2 Nxe5 19. Be2 h6 20. h3 Ng6 21. f4 Qb6+ 22. Kh1 Qe3 23. Bd3 Nh4 24. Rae1 Qg3 25. Re2 Ra5 26. Bc3 Rc5 27. Qb2 Qxd3 28. Bxg7 Rxe4 29. Bxh6 Qd4 30. Qxd4 Rxd4 31. Re8+ Kh7 32. Bg5 Nxg2 33. Rxc8 Ne3 34. Rg1 Nf5 35. Rc7 Rd3 36. Rxf7+ Kg6 37. Rf6+ Kh5 38. Kh2 Rc2+ 39. Rg2 Rxg2+ 40. Kxg2 Rd2+ 41. Kf3 Nh4+ 42. Bxh4 Rd3+ 43. Ke4 Rxh3 44. Bg5 Rxa3 45. Rf7 Kg4 46. Rxb7 Ra4+ 47. Ke5 Ra5+ 48. Kd6 c5 49. Rc7 Ra6+ 50. Kxc5 Rf6 51. Bxf6 1-0


[Site "https://www.chess.com"]

[Event "Titled Tuesday Blitz December 27 Late 2022"]
[White "Gascon Del Nogal, Jose Rafael"]
[Black "Omariev, Maksim"]
[WhiteFideId "3902463"]
[BlackFideId "4193423"]
[WhiteElo "2459"]
[BlackElo "2304"]
[Result "1-0"]
[Round "05"]
[TimeControl "180+2"]
[Date "2022.12.27"]
[WhiteClock "0:00:51"]
[BlackClock "0:00:44"]

1. e4 c5 2. Nf3 d6 3. d4 cxd4 4. Nxd4 Nf6 5. Nc3 a6 6. Bg5 Nbd7 7. f4 Qc7 8. Qf3 h6 9. Bxf6 Nxf6 10. f5 b5 11. O-O-O Bb7 12. Kb1 O-O-O 13. Nd5 Nxd5 14. exd5 Kb8 15. Bd3 Qc5 16. Be4 g5 17. f6 Re8 18. Nc6+ Bxc6 19. dxc6 e6 20. Rhe1 Rd8 21. Re3 d5 22. Rc3 Qxc3 23. Qxc3 Bd6 24. Bd3 Kc7 25. Qa5+ 1-0


[Site "https://www.chess.com"]

[Event "Titled Tuesday Blitz December 27 Late 2022"]
[White "Gasparyan, David"]
[Black "Feng, Eric"]
[WhiteFideId "13311980"]
[BlackFideId "30952590"]
[WhiteElo "2142"]
[BlackElo "1951"]
[Result "1-0"]
[Round "05"]
[TimeControl "180+2"]
[Date "2022.12.27"]
[WhiteClock "0:00:25"]
[BlackClock "0:00:25"]

1. e4 c6 2. Nf3 d5 3. exd5 cxd5 4. c4 Nf6 5. b3 g6 6. Bb2 Bg7 7. Be2 O-O 8. O-O Nc6 9. Re1 Bf5 10. a3 e6 11. Bf1 Qc7 12. d4 Rad8 13. Nbd2 Ne4 14. h3 h6 15. g4 Nxd2 16. Nxd2 Be4 17. Nxe4 dxe4 18. Rxe4 f5 19. Rxe6 Nxd4 20. Rxg6 Qf4 21. Bg2 Kh7 22. gxf5 Rxf5 23. Qg4 Qxg4 24. hxg4 Ne2+ 25. Kf1 Bxb2 26. gxf5 Bxa1 27. Kxe2 Re8+ 28. Kd3 Rf8 29. Be4 Bf6 30. Rg1 Rd8+ 31. Kc2 Re8 32. f3 Be7 33. Bxb7 Bxa3 34. f6 Rf8 35. Be4+ Kh8 36. Rg6 Kh7 37. Rg7+ Kh8 38. Rxa7 Bd6 39. Rh7+ Kg8 40. Rxh6 Be5 41. Bd5+ Rf7 42. Rg6+ Kf8 43. Bxf7 Kxf7 44. Rg5 Bxf6 45. Rf5 Ke6 46. Rxf6+ Kxf6 47. Kc3 Ke6 48. b4 Kd7 49. b5 Kc7 50. Kd4 Kb7 51. c5 Kb8 52. b6 Kc8 53. Kd5 Kb8 54. c6 Kc8 55. c7 Kb7 56. Kd6 Kc8 57. f4 Kb7 58. Kd7 Kxb6 59. c8=Q Ka7 60. Qc5+ Ka6 61. Qb4 Ka7 62. Kc7 Ka8 63. Qb8# 1-0


[Site "https://www.chess.com"]

[Event "Titled Tuesday Blitz December 27 Late 2022"]
[White "Goltsev, Dmitry"]
[Black "Ibadov, Dashgyn"]
[WhiteFideId "24176710"]
[BlackFideId "24107514"]
[WhiteElo "2269"]
[BlackElo "2391"]
[Result "0-1"]
[Round "05"]
[TimeControl "180+2"]
[Date "2022.12.27"]
[WhiteClock "0:00:52"]
[BlackClock "0:00:09"]

1. e4 c5 2. Nf3 Nc6 3. d4 cxd4 4. Nxd4 Nf6 5. Nc3 e5 6. Nf5 d5 7. exd5 Bxf5 8. dxc6 Qxd1+ 9. Nxd1 bxc6 10. Ne3 Be6 11. Bc4 Nd5 12. Bb3 a5 13. O-O a4 14. Bxd5 cxd5 15. Rd1 d4 16. Nf1 Bc5 17. Nd2 Ke7 18. Ne4 Rhc8 19. c3 Bb6 20. Bd2 f5 21. Ng5 h6 22. Nxe6 Kxe6 23. cxd4 Bxd4 24. Rab1 Rc2 25. Be3 Rxb2 26. Rxb2 Bxb2 27. Bc5 Bd4 28. Bb4 Rb8 29. a3 Rc8 30. Kh1 Bxf2 31. Rd6+ Kf7 32. g3 Bc5 33. Rd7+ Kf6 34. Bxc5 Rxc5 35. Ra7 Rc4 36. Ra6+ Kg5 37. Kg2 e4 38. h4+ Kh5 39. Kh3 g5 40. Rf6 gxh4 41. Rxf5+ Kg6 42. Ra5 hxg3 43. Kxg3 Rc3+ 44. Kf4 Rxa3 45. Ra6+ Kg7 46. Ra7+ Kg6 47. Ra6+ Kh5 48. Kxe4 Ra1 49. Kf3 a3 50. Kg3 Kg5 51. Kg2 h5 52. Ra5+ Kg4 53. Kh2 h4 54. Ra4+ Kg5 55. Kg2 Kh5 56. Ra5+ Kg4 57. Kh2 Kf4 58. Ra4+ Ke3 59. Rxh4 Kd2 60. Rc4 Kd3 61. Rc8 Rb1 62. Ra8 Rb3 63. Rc8 a2 64. Ra8 Rb2+ 65. Kg3 Kc2 66. Rf8 Kb1 67. Rf1+ Kc2 68. Rf2+ Kb3 69. Rf3+ Ka4 70. Rf8 Rb1 71. Ra8+ Kb3 72. Rb8+ Kc4 73. Rc8+ Kd5 74. Rd8+ Ke6 75. Ra8 a1=Q 76. Rf8 Rg1+ 77. Kh4 Rh1+ 78. Kg5 Qg1+ 79. Kf4 Qf2+ 80. Ke4 Rh4+ 81. Kd3 Rd4+ 82. Kc3 Qd2+ 83. Kb3 Rb4+ 84. Ka3 Qb2# 0-1


[Site "https://www.chess.com"]

[Event "Titled Tuesday Blitz December 27 Late 2022"]
[White "Grekh, Andrey"]
[Black "Kleiman, Jake"]
[WhiteFideId "14112418"]
[BlackFideId "2020041"]
[WhiteElo "2393"]
[BlackElo "2399"]
[Result "0-1"]
[Round "05"]
[TimeControl "180+2"]
[Date "2022.12.27"]
[WhiteClock "0:00:41"]
[BlackClock "0:01:12"]

1. e4 e5 2. Nf3 Nc6 3. Nc3 Nf6 4. d4 exd4 5. Nxd4 Bb4 6. Nxc6 bxc6 7. Bd3 O-O 8. O-O Re8 9. Qf3 d5 10. exd5 cxd5 11. Bg5 Be6 12. h3 h6 13. Bh4 Rb8 14. Rad1 Be7 15. b3 Rb4 16. Bg3 c5 17. Ne2 Bd6 18. Bxd6 Qxd6 19. c3 Rbb8 20. Nf4 Rbd8 21. Rfe1 Bc8 22. Bc2 Rxe1+ 23. Rxe1 a5 24. Nd3 Kf8 25. Ne5 Bb7 26. Nc4 Qc7 27. Na3 d4 28. Qd3 Qc6 29. f3 Qc7 30. Nb5 Qg3 31. Qe2 Re8 0-1


[Site "https://www.chess.com"]

[Event "Titled Tuesday Blitz December 27 Late 2022"]
[White "Gubajdullin, Alexei"]
[Black "Bilan, Danila"]
[WhiteFideId "4141202"]
[BlackFideId "24161918"]
[WhiteElo "2285"]
[BlackElo "2303"]
[Result "1-0"]
[Round "05"]
[TimeControl "180+2"]
[Date "2022.12.27"]
[WhiteClock "0:01:19"]
[BlackClock "0:00:02"]

1. d4 d5 2. Nf3 Nf6 3. Bf4 c5 4. e3 Qb6 5. Nc3 Bg4 6. Bb5+ Nc6 7. dxc5 Qxc5 8. h3 Bxf3 9. Qxf3 e6 10. O-O a6 11. Be2 Be7 12. Bh2 b5 13. Bd3 O-O 14. e4 dxe4 15. Nxe4 Nxe4 16. Qxe4 g6 17. c3 Rac8 18. a4 Bf6 19. axb5 axb5 20. Ra6 b4 21. Rc1 bxc3 22. bxc3 Nb4 23. Bd6 Qg5 24. f4 Qd5 25. Bxb4 Rfd8 26. Qxd5 Rxd5 27. Be4 Rd4 28. Bb7 1-0


[Site "https://www.chess.com"]

[Event "Titled Tuesday Blitz December 27 Late 2022"]
[White "Guevara Sanchez, Erick Marvin"]
[Black "Hoffmann, Asa"]
[WhiteFideId "6700136"]
[BlackFideId "2001470"]
[WhiteElo "2073"]
[BlackElo "2185"]
[Result "0-1"]
[Round "05"]
[TimeControl "180+2"]
[Date "2022.12.27"]
[WhiteClock "0:00:20"]
[BlackClock "0:01:08"]

1. e4 d6 2. d4 Nf6 3. Nc3 c6 4. Be3 Ng4 5. Bd2 Qb6 6. f3 Nf6 7. Nge2 e5 8. Be3 Qxb2 9. Rb1 Qa3 10. Rb3 Qa5 11. d5 Qc7 12. Ng3 Be7 13. Bc4 c5 14. O-O a6 15. a4 b6 16. Qb1 Nbd7 17. Nf5 Bf8 18. f4 g6 19. fxe5 Nxe5 20. Nxd6+ Bxd6 21. Rxf6 Nxc4 22. Bh6 Be5 23. Rc6 Qe7 24. Qf1 Na5 25. Rcxb6 Nxb3 26. Rxb3 Qh4 27. g3 Qxh6 28. Ne2 O-O 29. Nf4 Bxf4 30. gxf4 Re8 31. e5 Bf5 32. Rb6 Rab8 33. Rxa6 Bxc2 34. Qc4 Rb4 35. Kg2 Rxc4 0-1


[Site "https://www.chess.com"]

[Event "Titled Tuesday Blitz December 27 Late 2022"]
[White "Guseinov, Gadir"]
[Black "Toncheva, Nadya"]
[WhiteFideId "13401378"]
[BlackFideId "2924056"]
[WhiteElo "2661"]
[BlackElo "2295"]
[Result "1-0"]
[Round "05"]
[TimeControl "180+2"]
[Date "2022.12.27"]
[WhiteClock "0:02:19"]
[BlackClock "0:00:09"]

1. e4 c5 2. Nf3 e6 3. d4 cxd4 4. Nxd4 a6 5. Nc3 Qc7 6. Bd3 Nf6 7. Qe2 d6 8. f4 Nbd7 9. Bd2 Be7 10. O-O O-O 11. Kh1 b5 12. b4 Bb7 13. Rae1 Rfd8 14. e5 dxe5 15. fxe5 Nxe5 16. Nxe6 fxe6 17. Qxe5 Qxe5 18. Rxe5 Bxb4 19. Rxe6 Rac8 20. Nb1 Bxd2 21. Nxd2 Rxc2 22. Bxc2 Rxd2 23. Rc1 Rxg2 24. Bb3 Kf8 25. Rc7 Bf3 26. Rc8+ Kf7 27. Re3+ Bd5 28. Bxd5+ 1-0


[Site "https://www.chess.com"]